ABL
ST. KILDA SAINTS @ CARLTON BLUES
07/31/2022
 
TOP OF THE 1ST
St. Kilda Saints batting - Pitching for Carlton Blues : RHP Ken Oake
Pitching: RHP Ken Oake
Batting: RHB Graeme Coverdale 0-0: Called Strike
0-1: Foul Ball, location: 9LMF
0-2: Ball
1-2: Strikes out swinging
Batting: RHB Kevin Geake 0-0: Called Strike
0-1: DOUBLE (Line Drive, 5D, EV 95.0 MPH)
Batting: RHB Billy Rigden 0-0: Ball
1-0: Called Strike
1-1: Ball
2-1: Ball
3-1: Base on Balls
Batting: LHB Joe Coate 0-0: Fly out, F4 (Popup, 4, EV 73.8 MPH)
Batting: SHB Rickie Rowles 0-0: Ball
1-0: Foul Ball, location: 25F
1-1: Foul Ball, location: 2F
1-2: Ball
2-2: Strikes out swinging
Top of the 1st over - 0 runs, 1 hit, 0 errors, 2 left on base; St. Kilda 0 - Carlton 0
BOTTOM OF THE 1ST
Carlton Blues batting - Pitching for St. Kilda Saints : RHP Terrence Capes
Pitching: RHP Terrence Capes
Batting: LHB Cane Walburn 0-0: Called Strike
0-1: Ball
1-1: Fly out, F8 (Flyball, 8RD, EV 99.4 MPH)
Batting: SHB Terry Heath 0-0: Ball
1-0: Called Strike
1-1: Ball
2-1: Ball
3-1: Fly out, F7 (Flyball, 7, EV 89.4 MPH)
Batting: LHB Michael Morrall 0-0: Ball
1-0: Fly out, F8 (Flyball, 8LM, EV 85.6 MPH)
Bottom of the 1st over - 0 runs, 0 hits, 0 errors, 0 left on base; St. Kilda 0 - Carlton 0
TOP OF THE 2ND
St. Kilda Saints batting - Pitching for Carlton Blues : RHP Ken Oake
Batting: RHB Jonathan Langlands 0-0: Ground out 4-3 (Groundball, 4MS, EV 67.5 MPH)
Batting: RHB Ron Corney 0-0: Foul Ball, location: 7LSF
0-1: Foul Ball, location: 5F
0-2: Fly out, F2 (Popup, 15S, EV 88.8 MPH)
Batting: LHB Chris Beavis 0-0: Ball
1-0: Foul Ball, location: 7LMF
1-1: Foul Ball, location: 5DF
1-2: DOUBLE (Line Drive, 89D, EV 102.5 MPH)
Batting: RHB Terrence Capes 0-0: Called Strike
0-1: Ball
1-1: Foul Ball, location: 3DF
1-2: Foul Ball, location: 25FF
1-2: Foul Ball, location: 9LSF
1-2: Strikes out swinging
Top of the 2nd over - 0 runs, 1 hit, 0 errors, 1 left on base; St. Kilda 0 - Carlton 0
BOTTOM OF THE 2ND
Carlton Blues batting - Pitching for St. Kilda Saints : RHP Terrence Capes
Batting: LHB Chris McFadgean 0-0: Foul Ball, location: 2F
0-1: Ball
1-1: Ground out U3 (Groundball, 34, EV 94.4 MPH)
Batting: RHB Nick Camira 0-0: Called Strike
0-1: Ground out 6-3 (Groundball, 6, EV 98.8 MPH)
Batting: LHB Hau Kapena 0-0: Called Strike
0-1: Foul Ball, location: 5F
0-2: Ball
1-2: Ball
2-2: Ball
3-2: SINGLE (Line Drive, 6D, EV 101.9 MPH)
Batting: RHB Alan Francombe 0-0: SINGLE (Groundball, 25, EV 66.3 MPH) (infield hit)
Hau Kapena to second
Batting: RHB Luke Sverdloff 0-0: Ball
1-0: Foul Ball, location: 3F
1-1: Swinging Strike
1-2: Strikes out swinging
Bottom of the 2nd over - 0 runs, 2 hits, 0 errors, 2 left on base; St. Kilda 0 - Carlton 0
TOP OF THE 3RD
St. Kilda Saints batting - Pitching for Carlton Blues : RHP Ken Oake
Batting: RHB Graeme Coverdale 0-0: Hit by Pitch
Batting: RHB Kevin Geake 0-0: Ball
1-0: Called Strike
1-1: Ball
2-1: Sac Bunt to 15 - play at first, batter OUT! 1-3
Graeme Coverdale to second
Batting: RHB Billy Rigden 0-0: Ball
1-0: Foul Ball, location: 2RF
1-1: Ground out 5-3 (Groundball, 56, EV 86.3 MPH)
Graeme Coverdale to third
Batting: LHB Joe Coate 0-0: Ground out 3-1 (Groundball, 34, EV 104.4 MPH)
Top of the 3rd over - 0 runs, 0 hits, 0 errors, 1 left on base; St. Kilda 0 - Carlton 0
BOTTOM OF THE 3RD
Carlton Blues batting - Pitching for St. Kilda Saints : RHP Terrence Capes
Batting: RHB Ken Oake 0-0: Foul Ball, location: 2F
0-1: Called Strike
0-2: Ball
1-2: Foul Ball, location: 5F
1-2: Strikes out looking
Batting: LHB Cane Walburn 0-0: Ball
1-0: Ground out U3 (Groundball, 13, EV 93.8 MPH)
Batting: SHB Terry Heath 0-0: Ball
1-0: Foul Ball, location: 2LF
1-1: Swinging Strike
1-2: Ball
2-2: Ball
3-2: SINGLE (Groundball, 5S, EV 68.8 MPH) (infield hit)
Batting: LHB Michael Morrall 0-0: Ball
1-0: Foul Ball, location: 7LMF
1-1: Fly out, F9 (Flyball, 9, EV 88.1 MPH)
Bottom of the 3rd over - 0 runs, 1 hit, 0 errors, 1 left on base; St. Kilda 0 - Carlton 0
TOP OF THE 4TH
St. Kilda Saints batting - Pitching for Carlton Blues : RHP Ken Oake
Batting: SHB Rickie Rowles 0-0: Called Strike
0-1: Called Strike
0-2: Strikes out swinging, 2-3 out at first.
Batting: RHB Jonathan Langlands 0-0: Called Strike
0-1: Ball
1-1: Ball
2-1: Ball
3-1: Base on Balls
Batting: RHB Ron Corney 0-0: Called Strike
Jonathan Langlands steals 2nd base
0-1: Ball
1-1: Ball
2-1: Ball
3-1: Called Strike
3-2: Base on Balls
Batting: LHB Chris Beavis 0-0: Ball
Jonathan Langlands is caught stealing 3rd base 2-5
1-0: DOUBLE (Line Drive, 78M, EV 110.6 MPH)
Ron Corney to third
Runner from 3rd tries for Home, SAFE, throw by CF to home
Batting: RHB Terrence Capes 0-0: Foul Ball, location: 5FF
0-1: Ball
1-1: Foul Ball, location: 2F
1-2: Strikes out swinging
Top of the 4th over - 1 run, 1 hit, 0 errors, 1 left on base; St. Kilda 1 - Carlton 0
BOTTOM OF THE 4TH
Carlton Blues batting - Pitching for St. Kilda Saints : RHP Terrence Capes
Batting: LHB Chris McFadgean 0-0: Called Strike
0-1: Called Strike
0-2: Ground out 4-3 (Groundball, 34D, EV 94.4 MPH)
Batting: RHB Nick Camira 0-0: Swinging Strike
0-1: Foul Ball, location: 7LSF
0-2: Foul Ball, location: 23F
0-2: Fly out, F6 (Line Drive, 6M, EV 66.3 MPH)
Batting: LHB Hau Kapena 0-0: Ball
1-0: Ball
2-0: Swinging Strike
2-1: Foul Ball, location: 25F
2-2: Foul Ball, location: 2F
2-2: Foul Ball, location: 2F
2-2: Foul Ball, location: 23F
2-2: Strikes out swinging
Bottom of the 4th over - 0 runs, 0 hits, 0 errors, 0 left on base; St. Kilda 1 - Carlton 0
TOP OF THE 5TH
St. Kilda Saints batting - Pitching for Carlton Blues : RHP Ken Oake
Batting: RHB Graeme Coverdale 0-0: Ball
1-0: Ball
2-0: Ball
3-0: Called Strike
3-1: Base on Balls
Batting: RHB Kevin Geake 0-0: SINGLE (Groundball, 6MD, EV 106.3 MPH)
Graeme Coverdale to second
Batting: RHB Billy Rigden 0-0: Ball
1-0: Grounds into double play, 5-4-3 (Groundball, 5, EV 104.4 MPH)
Graeme Coverdale to third
Batting: LHB Joe Coate 0-0: Ball
1-0: Fly out, F9 (Flyball, 9, EV 85.6 MPH)
Top of the 5th over - 0 runs, 1 hit, 0 errors, 1 left on base; St. Kilda 1 - Carlton 0
BOTTOM OF THE 5TH
Carlton Blues batting - Pitching for St. Kilda Saints : RHP Terrence Capes
Batting: RHB Alan Francombe 0-0: Swinging Strike
0-1: Called Strike
0-2: Ground out 5-3 (Groundball, 5S, EV 84.4 MPH)
Batting: RHB Luke Sverdloff 0-0: Ball
1-0: Called Strike
1-1: Foul Ball, location: 5F
1-2: Ground out 6-3 (Groundball, 6S, EV 69.4 MPH)
Batting: RHB Ken Oake 0-0: SINGLE (Groundball, 56D, EV 105.6 MPH)
Batting: LHB Cane Walburn 0-0: Called Strike
0-1: Ground out 4-3 (Groundball, 4, EV 83.8 MPH)
Bottom of the 5th over - 0 runs, 1 hit, 0 errors, 1 left on base; St. Kilda 1 - Carlton 0
TOP OF THE 6TH
St. Kilda Saints batting - Pitching for Carlton Blues : RHP Ken Oake
Batting: SHB Rickie Rowles 0-0: Called Strike
0-1: Foul Ball, location: 2F
0-2: Ball
1-2: Foul Ball, location: 7LDF
1-2: Ball
2-2: Ball
3-2: Foul Ball, location: 2F
3-2: Strikes out swinging
Batting: RHB Jonathan Langlands 0-0: Called Strike
0-1: Ball
1-1: Swinging Strike
1-2: Strikes out swinging
Batting: RHB Ron Corney 0-0: Ball
1-0: Ball
2-0: Called Strike
2-1: Ball
3-1: Ground out 4-3 (Groundball, 4, EV 92.5 MPH)
Top of the 6th over - 0 runs, 0 hits, 0 errors, 0 left on base; St. Kilda 1 - Carlton 0
BOTTOM OF THE 6TH
Carlton Blues batting - Pitching for St. Kilda Saints : RHP Terrence Capes
Batting: SHB Terry Heath 0-0: Ball
1-0: Fly out, F9 (Line Drive, 9, EV 87.5 MPH)
Batting: LHB Michael Morrall 0-0: Ball
1-0: Ball
2-0: Ball
3-0: Called Strike
3-1: Foul Ball, location: 5FF
3-2: SINGLE (Line Drive, 4MD, EV 106.3 MPH)
Batting: LHB Chris McFadgean 0-0: SINGLE (Line Drive, 89S, EV 95.0 MPH)
Michael Morrall to second
Batting: RHB Nick Camira 0-0: Ball
1-0: Grounds into double play, 6-4-3 (Groundball, 6, EV 90.6 MPH)
Bottom of the 6th over - 0 runs, 2 hits, 0 errors, 1 left on base; St. Kilda 1 - Carlton 0
TOP OF THE 7TH
St. Kilda Saints batting - Pitching for Carlton Blues : RHP Ken Oake
Batting: LHB Chris Beavis 0-0: Called Strike
0-1: SINGLE (Line Drive, 7S, EV 110.0 MPH)
Batting: RHB Terrence Capes 0-0: Sac Bunt to 15S - play at first, batter OUT! 1-3
Chris Beavis to second
Batting: RHB Graeme Coverdale 0-0: Called Strike
0-1: Called Strike
0-2: Ball
1-2: Ground out 5-3 (Groundball, 56S, EV 70.6 MPH)
Chris Beavis to third
Pitching: RHP Jan Skerrett
Batting: RHB Kevin Geake 0-0: Foul Ball, location: 3F
0-1: Ball
1-1: Ball
2-1: Ground out 5-3 (Groundball, 56S, EV 90.6 MPH)
Top of the 7th over - 0 runs, 1 hit, 0 errors, 1 left on base; St. Kilda 1 - Carlton 0
BOTTOM OF THE 7TH
Carlton Blues batting - Pitching for St. Kilda Saints : RHP Terrence Capes
Batting: LHB Hau Kapena 0-0: Ball
1-0: Swinging Strike
1-1: Swinging Strike
1-2: SINGLE (Line Drive, 8LS, EV 109.4 MPH)
Batting: RHB Alan Francombe 0-0: Called Strike
0-1: Ball
1-1: Ball
2-1: Bunt - Flyout to 13S! F1
Batting: RHB Luke Sverdloff 0-0: Ball
1-0: Foul Ball, location: 3DF
1-1: Swinging Strike
1-2: Ball
2-2: Strikes out swinging
Pinch Hitting: RHB Mick Lees 0-0: Called Strike
0-1: Foul Ball, location: 2F
0-2: Ball
1-2: Fly out, F8 (Flyball, 8RD, EV 95.0 MPH)
Bottom of the 7th over - 0 runs, 1 hit, 0 errors, 1 left on base; St. Kilda 1 - Carlton 0
TOP OF THE 8TH
St. Kilda Saints batting - Pitching for Carlton Blues : RHP Jan Skerrett
Pitching: LHP Zain Bolt
Batting: RHB Billy Rigden 0-0: Ball
1-0: Ground out 5-3 (Groundball, 56, EV 106.3 MPH)
Batting: LHB Joe Coate 0-0: Ball
1-0: Ball
2-0: Ball
3-0: Called Strike
3-1: Called Strike
3-2: SINGLE (Flyball, 9LS, EV 84.4 MPH)
Batting: SHB Rickie Rowles 0-0: Called Strike
0-1: Called Strike
0-2: Strikes out swinging
Batting: RHB Jonathan Langlands 0-0: Ball
1-0: Foul Ball, location: 9LMF
1-1: Ball
2-1: Swinging Strike
2-2: Strikes out swinging
Top of the 8th over - 0 runs, 1 hit, 0 errors, 1 left on base; St. Kilda 1 - Carlton 0
BOTTOM OF THE 8TH
Carlton Blues batting - Pitching for St. Kilda Saints : RHP Terrence Capes
Batting: LHB Cane Walburn 0-0: Ball
1-0: Called Strike
1-1: Fly out, F7 (Flyball, 7S, EV 93.8 MPH)
Batting: SHB Terry Heath 0-0: Called Strike
0-1: Ball
1-1: Fly out, F9 (Flyball, 9LM, EV 89.4 MPH)
Batting: LHB Michael Morrall 0-0: Called Strike
0-1: Ball
1-1: Ball
2-1: Ball
3-1: Base on Balls
Pitching: LHP Ron Fitzgibbon
Batting: LHB Chris McFadgean 0-0: Called Strike
0-1: Ball
1-1: Called Strike
1-2: Foul Ball, location: 7LDF
1-2: Foul Ball, location: 7LSF
1-2: Ball
2-2: Foul Ball, location: 3F
2-2: Foul Ball, location: 9LSFF
2-2: Ball
3-2: Base on Balls
Michael Morrall to second
Batting: RHB Nick Camira 0-0: Ball
1-0: Ball
2-0: Called Strike
2-1: Foul Ball, location: 5F
2-2: Ground out 5-3 (Groundball, 5S, EV 80.0 MPH)
Bottom of the 8th over - 0 runs, 0 hits, 0 errors, 2 left on base; St. Kilda 1 - Carlton 0
TOP OF THE 9TH
St. Kilda Saints batting - Pitching for Carlton Blues : LHP Zain Bolt
Batting: RHB Ron Corney 0-0: Called Strike
0-1: Ball
1-1: Foul Ball, location: 2RF
1-2: Strikes out swinging
Batting: LHB Chris Beavis 0-0: Ball
1-0: Ground out 6-3 (Groundball, 6S, EV 71.9 MPH)
Pinch Hitting: RHB Sam Jevons 0-0: Ground out 6-3 (Groundball, 6M, EV 85.0 MPH)
Top of the 9th over - 0 runs, 0 hits, 0 errors, 0 left on base; St. Kilda 1 - Carlton 0
BOTTOM OF THE 9TH
Carlton Blues batting - Pitching for St. Kilda Saints : LHP Ron Fitzgibbon
Pitching: RHP Benji Foran
Now at 3B: Sam Jevons
Now in RF: Sonny Crosby
Batting: LHB Hau Kapena 0-0: Ball
1-0: Foul Ball, location: 7LSF
1-1: Ball
2-1: Foul Ball, location: 2F
2-2: Fly out, F7 (Flyball, 78XD, EV 101.9 MPH)
Pinch Hitting: LHB Billy Asquith 0-0: Ball
1-0: Ground out 6-3 (Groundball, 4MD, EV 107.5 MPH)
Pinch Hitting: RHB Ben Brennan 0-0: Called Strike
0-1: Ball
1-1: Ball
2-1: Ball
3-1: Fly out, F7 (Line Drive, 7S, EV 93.1 MPH)
Bottom of the 9th over - 0 runs, 0 hits, 0 errors, 0 left on base; St. Kilda 1 - Carlton 0
Saturday, May 4th , 2024 - OOTP Baseball 24.9 Build 80